TOP OF THE 1ST |
Hillsboro Hops batting - Pitching for State College Spikes : RHP Ricky Yerzy
|
Pitching: RHP Ricky Yerzy
|
|
Batting: RHB Yutaka Oki
|
0-0: TRIPLE (Groundball, 3L, EV 100.0 MPH)
|
Batting: RHB Daniel Rivera
|
0-0: Ball 1-0: Foul Ball, location: 2F 1-1: Foul Ball, location: 2F 1-2: Ball 2-2: Fly out, F7 (Line Drive, 78M, EV 85.6 MPH) Runner from 3rd tags up, SCORES, throw by LF
|
Batting: RHB Terry Jarrells
|
0-0: TRIPLE (Groundball, 3L, EV 107.5 MPH)
|
Batting: LHB Franklin Quezada
|
0-0: DOUBLE (Line Drive, 7LS, EV 105.0 MPH) Terry Jarrells scores
|
Batting: RHB Jonathan Underhill
|
0-0: Foul Ball, location: 2F 0-1: Swinging Strike 0-2: Strikes out looking
|
Batting: RHB Cesar Rendon
|
0-0: Ball 1-0: DOUBLE (Groundball, 3L, EV 100.6 MPH) Franklin Quezada scores
|
Batting: RHB Antonio Luisa
|
0-0: Ball 1-0: Ball 2-0: Ball Passed Ball! Cesar Rendon to third 3-0: Base on Balls
|
Batting: LHB Josh Kirk
|
0-0: Foul Ball, location: 2F 0-1: Ball 1-1: Swinging Strike 1-2: Strikes out swinging
|
Top of the 1st over - 3 runs, 4 hits, 0 errors, 2 left on base; Hillsboro 3 - State College 0 |
BOTTOM OF THE 1ST |
State College Spikes batting - Pitching for Hillsboro Hops : RHP Nick Garland
|
Pitching: RHP Nick Garland
|
|
Batting: RHB Bobby Miles
|
0-0: Called Strike 0-1: Foul Ball, location: 2F 0-2: Fly out, F9 (Line Drive, 9LM, EV 104.4 MPH)
|
Batting: RHB Ricky Yerzy
|
0-0: Ball 1-0: Ball 2-0: Ball 3-0: Base on Balls
|
Batting: RHB Sam Daw
|
0-0: Called Strike Ricky Yerzy steals 2nd base 0-1: Called Strike 0-2: Ball 1-2: Strikes out looking
|
Batting: RHB Pat Scaturro
|
0-0: Ball 1-0: Ball 2-0: Swinging Strike 2-1: Ball 3-1: Fly out, F7 (Flyball, 7, EV 76.9 MPH)
|
Bottom of the 1st over - 0 runs, 0 hits, 0 errors, 1 left on base; Hillsboro 3 - State College 0 |
TOP OF THE 2ND |
Hillsboro Hops batting - Pitching for State College Spikes : RHP Ricky Yerzy
|
Batting: RHB Trevor Corey
|
0-0: Fly out, F9 (Flyball, 89M, EV 91.2 MPH)
|
Batting: RHB Yutaka Oki
|
0-0: Ball 1-0: Ball 2-0: Ground out 6-3 (Groundball, 6, EV 86.9 MPH)
|
Batting: RHB Daniel Rivera
|
0-0: Called Strike 0-1: Foul Ball, location: 2F 0-2: Ball 1-2: Ball 2-2: Strikes out swinging
|
Top of the 2nd over - 0 runs, 0 hits, 0 errors, 0 left on base; Hillsboro 3 - State College 0 |
BOTTOM OF THE 2ND |
State College Spikes batting - Pitching for Hillsboro Hops : RHP Nick Garland
|
Batting: RHB Ben Politi
|
0-0: SINGLE (Groundball, 4D, EV 103.1 MPH)
|
Batting: RHB Nelson Salamanca
|
0-0: Ball Ben Politi steals 2nd base 1-0: Swinging Strike 1-1: Ground out 5-3 (Groundball, 5L, EV 102.5 MPH)
|
Batting: RHB Nick Latulippe
|
0-0: Called Strike 0-1: Fly out, F3 (Popup, 3S, EV 78.1 MPH)
|
Batting: RHB Tim Cleary
|
0-0: Ball 1-0: Called Strike 1-1: Called Strike 1-2: Ball 2-2: SINGLE (Line Drive, 34, EV 105.6 MPH) Ben Politi to third Runner from 3rd tries for Home, SAFE, throw by RF to home
|
Batting: SHB Bobby Mercado
|
0-0: Called Strike Tim Cleary is caught stealing 2nd base 2-6
|
Bottom of the 2nd over - 1 run, 2 hits, 0 errors, 0 left on base; Hillsboro 3 - State College 1 |
TOP OF THE 3RD |
Hillsboro Hops batting - Pitching for State College Spikes : RHP Ricky Yerzy
|
Batting: RHB Terry Jarrells
|
0-0: Foul Ball, location: 2F 0-1: Ball 1-1: Foul Ball, location: 2F 1-2: Strikes out swinging
|
Batting: LHB Franklin Quezada
|
0-0: Ball 1-0: Called Strike 1-1: Ball 2-1: Ball 3-1: Called Strike 3-2: Strikes out looking
|
Batting: RHB Jonathan Underhill
|
0-0: Ball 1-0: Ball 2-0: Swinging Strike 2-1: Foul Ball, location: 2F 2-2: Ball 3-2: Foul Ball, location: 2F 3-2: Base on Balls
|
Batting: RHB Cesar Rendon
|
0-0: Called Strike 0-1: Foul Ball, location: 2F 0-2: Ball 1-2: Ball 2-2: Strikes out looking
|
Top of the 3rd over - 0 runs, 0 hits, 0 errors, 1 left on base; Hillsboro 3 - State College 1 |
BOTTOM OF THE 3RD |
State College Spikes batting - Pitching for Hillsboro Hops : RHP Nick Garland
|
Batting: SHB Bobby Mercado
|
0-0: Ball 1-0: Foul Ball, location: 2F 1-1: Swinging Strike 1-2: Ball 2-2: Strikes out swinging
|
Batting: RHB Bobby Miles
|
0-0: Ball 1-0: Ground out 5-3 (Groundball, 56S, EV 83.1 MPH)
|
Batting: RHB Ricky Yerzy
|
0-0: Ball 1-0: Ball 2-0: Foul Ball, location: 2F 2-1: TRIPLE (Groundball, 3L, EV 97.5 MPH)
|
Batting: RHB Sam Daw
|
0-0: Called Strike 0-1: Swinging Strike 0-2: Ball 1-2: Ball 2-2: Foul Ball, location: 2F 2-2: Ball 3-2: Base on Balls
|
Batting: RHB Pat Scaturro
|
0-0: Ball Wild Pitch! Ricky Yerzy scores Sam Daw to second 1-0: Ground out 5-3 (Groundball, 56, EV 81.2 MPH)
|
Bottom of the 3rd over - 1 run, 1 hit, 0 errors, 1 left on base; Hillsboro 3 - State College 2 |
TOP OF THE 4TH |
Hillsboro Hops batting - Pitching for State College Spikes : RHP Ricky Yerzy
|
Batting: RHB Antonio Luisa
|
0-0: Ball 1-0: Ball 2-0: Ball 3-0: Called Strike 3-1: Called Strike 3-2: Base on Balls
|
Batting: LHB Josh Kirk
|
0-0: SINGLE (Groundball, 34S, EV 68.1 MPH) (infield hit) Antonio Luisa to second
|
Batting: RHB Trevor Corey
|
0-0: Ball 1-0: Foul Ball, location: 2F 1-1: Swinging Strike 1-2: TRIPLE (Groundball, 3L, EV 100.6 MPH) Antonio Luisa scores Josh Kirk scores
|
Batting: RHB Yutaka Oki
|
0-0: Called Strike 0-1: Swinging Strike 0-2: Ground out 5-3 (Groundball, 5S, EV 85.6 MPH)
|
Batting: RHB Daniel Rivera
|
0-0: Hit by Pitch
|
Batting: RHB Terry Jarrells
|
0-0: Ball 1-0: Ball 2-0: Ball 3-0: Base on Balls Daniel Rivera to second
|
Batting: LHB Franklin Quezada
|
0-0: Called Strike 0-1: SINGLE (Groundball, 6M, EV 100.0 MPH) (infield hit) Trevor Corey scores Daniel Rivera to third Terry Jarrells to second
|
Pitching: RHP Howie Seidler
|
|
Batting: RHB Jonathan Underhill
|
0-0: Ball 1-0: Called Strike 1-1: Fly out, F8 (Flyball, 8LXD, EV 93.8 MPH) Runner from 3rd tags up, SCORES, no throw by CF
|
Batting: RHB Cesar Rendon
|
0-0: Called Strike 0-1: Ball 1-1: Fielders Choice at 2nd, 6-4 (Groundball, 56, EV 85.0 MPH)
|
Top of the 4th over - 4 runs, 3 hits, 0 errors, 2 left on base; Hillsboro 7 - State College 2 |
BOTTOM OF THE 4TH |
State College Spikes batting - Pitching for Hillsboro Hops : RHP Nick Garland
|
Batting: RHB Ben Politi
|
0-0: Foul Ball, location: 2F 0-1: DOUBLE (Line Drive, 7LM, EV 105.0 MPH)
|
Batting: RHB Nelson Salamanca
|
0-0: Foul Ball, location: 2F 0-1: Foul Ball, location: 2F 0-2: Ball 1-2: SINGLE (Line Drive, 3D, EV 95.6 MPH) Ben Politi to third Runner from 3rd tries for Home, SAFE, throw by RF to home Nelson Salamanca to second
|
Batting: RHB Nick Latulippe
|
0-0: Foul Ball, location: 2F 0-1: Called Strike 0-2: Ball 1-2: Strikes out swinging
|
Batting: RHB Tim Cleary
|
0-0: Called Strike 0-1: Ball 1-1: Ball 2-1: Called Strike 2-2: Strikes out swinging
|
Batting: SHB Bobby Mercado
|
0-0: Ball Balk! Nelson Salamanca to third 1-0: Called Strike 1-1: Foul Ball, location: 2F 1-2: Strikes out swinging
|
Bottom of the 4th over - 1 run, 2 hits, 0 errors, 1 left on base; Hillsboro 7 - State College 3 |
TOP OF THE 5TH |
Hillsboro Hops batting - Pitching for State College Spikes : RHP Howie Seidler
|
Batting: RHB Antonio Luisa
|
0-0: TRIPLE (Flyball, 89XD, EV 109.4 MPH)
|
Batting: LHB Josh Kirk
|
0-0: Ball 1-0: Ball 2-0: Swinging Strike 2-1: Foul Ball, location: 2F 2-2: Strikes out swinging
|
Batting: RHB Trevor Corey
|
0-0: Called Strike 0-1: Ball 1-1: Foul Ball, location: 2F 1-2: Strikes out looking
|
Batting: RHB Yutaka Oki
|
0-0: Foul Ball, location: 2F 0-1: Ball 1-1: Foul Ball, location: 2F 1-2: DOUBLE (Line Drive, 7LM, EV 104.4 MPH) Antonio Luisa scores
|
Batting: RHB Daniel Rivera
|
0-0: Ball 1-0: Ball 2-0: Ball 3-0: Base on Balls
|
Batting: RHB Terry Jarrells
|
0-0: Foul Ball, location: 2F 0-1: Ball 1-1: Ball 2-1: Swinging Strike 2-2: Strikes out looking
|
Top of the 5th over - 1 run, 2 hits, 0 errors, 2 left on base; Hillsboro 8 - State College 3 |
BOTTOM OF THE 5TH |
State College Spikes batting - Pitching for Hillsboro Hops : RHP Nick Garland
|
Batting: RHB Bobby Miles
|
0-0: Ball 1-0: SINGLE (Groundball, 56D, EV 106.2 MPH)
|
Batting: RHB Ricky Yerzy
|
0-0: Called Strike 0-1: Ball 1-1: Called Strike 1-2: Strikes out swinging
|
Batting: RHB Sam Daw
|
0-0: Fielders Choice at 2nd, 1-4 (Groundball, 15S, EV 71.2 MPH)
|
Batting: RHB Pat Scaturro
|
0-0: Called Strike Sam Daw steals 2nd base (no throw) 0-1: Ball 1-1: Ball 2-1: Foul Ball, location: 2F 2-2: Foul Ball, location: 2F 2-2: Foul Ball, location: 2F 2-2: Ball 3-2: Base on Balls
|
Batting: RHB Ben Politi
|
0-0: Ball 1-0: Ball 2-0: Ground out 2-3 (Groundball, 15S, EV 75.6 MPH)
|
Bottom of the 5th over - 0 runs, 1 hit, 0 errors, 2 left on base; Hillsboro 8 - State College 3 |
TOP OF THE 6TH |
Hillsboro Hops batting - Pitching for State College Spikes : RHP Howie Seidler
|
Batting: LHB Franklin Quezada
|
0-0: Ball 1-0: Ball 2-0: Foul Ball, location: 2F 2-1: Swinging Strike 2-2: Foul Ball, location: 2F 2-2: Ground out 4-3 (Groundball, 4M, EV 96.2 MPH)
|
Batting: RHB Jonathan Underhill
|
0-0: Foul Ball, location: 2F 0-1: Ball 1-1: DOUBLE (Line Drive, 78D, EV 110.6 MPH)
|
Batting: RHB Cesar Rendon
|
0-0: Ball 1-0: Foul Ball, location: 2F 1-1: Ball Jonathan Underhill steals 3rd base 2-1: Swinging Strike 2-2: Foul Ball, location: 2F 2-2: Ball 3-2: Strikes out swinging
|
Batting: RHB Antonio Luisa
|
0-0: Called Strike 0-1: Ball 1-1: Called Strike 1-2: Fly out, F9 (Flyball, 9, EV 89.4 MPH)
|
Top of the 6th over - 0 runs, 1 hit, 0 errors, 1 left on base; Hillsboro 8 - State College 3 |
BOTTOM OF THE 6TH |
State College Spikes batting - Pitching for Hillsboro Hops : RHP Nick Garland
|
Batting: RHB Nelson Salamanca
|
0-0: Ball 1-0: Called Strike 1-1: Ground out 5-3 (Groundball, 56, EV 99.4 MPH)
|
Pitching: RHP Jake Priest
|
|
Batting: RHB Nick Latulippe
|
0-0: Ball 1-0: Called Strike 1-1: Swinging Strike 1-2: Fly out, F9 (Flyball, 9, EV 96.2 MPH)
|
Batting: RHB Tim Cleary
|
0-0: Foul Ball, location: 2F 0-1: Ball 1-1: Ball 2-1: Called Strike 2-2: Strikes out looking
|
Bottom of the 6th over - 0 runs, 0 hits, 0 errors, 0 left on base; Hillsboro 8 - State College 3 |
TOP OF THE 7TH |
Hillsboro Hops batting - Pitching for State College Spikes : RHP Howie Seidler
|
Batting: LHB Josh Kirk
|
0-0: Ball 1-0: Foul Ball, location: 2F 1-1: Ball 2-1: Ball 3-1: Foul Ball, location: 2F 3-2: SINGLE (Line Drive, 8LS, EV 92.5 MPH)
|
Pitching: LHP Paul Fuller
|
|
Batting: RHB Trevor Corey
|
0-0: DOUBLE (Groundball, 5L, EV 110.0 MPH) Josh Kirk to third
|
Batting: RHB Yutaka Oki
|
0-0: Ball 1-0: Ball 2-0: Ball 3-0: Base on Balls
|
Batting: RHB Daniel Rivera
|
0-0: Ball 1-0: Ball 2-0: Ball 3-0: Base on Balls Josh Kirk scores Trevor Corey to third Yutaka Oki to second
|
Batting: RHB Terry Jarrells
|
0-0: Ball 1-0: Ball 2-0: Called Strike 2-1: Called Strike 2-2: Foul Ball, location: 2F 2-2: Strikes out swinging
|
Batting: LHB Franklin Quezada
|
0-0: Fielders Choice at 2nd, 4-6 (Groundball, 4, EV 81.9 MPH) Trevor Corey scores Yutaka Oki to third
|
Pinch Hitting: RHB Dave Glenn
|
0-0: Ball 1-0: Ball Pickoff Throw by Catcher to First - Out!
|
Top of the 7th over - 2 runs, 2 hits, 0 errors, 1 left on base; Hillsboro 10 - State College 3 |
BOTTOM OF THE 7TH |
State College Spikes batting - Pitching for Hillsboro Hops : RHP Jake Priest
|
Now at 2B: Daniel Rivera
|
|
Now at 3B: Dave Glenn
|
|
Batting: SHB Bobby Mercado
|
0-0: Called Strike 0-1: Foul Ball, location: 2F 0-2: Ball 1-2: Strikes out swinging
|
Batting: RHB Bobby Miles
|
0-0: Ball 1-0: Ball 2-0: Swinging Strike 2-1: SINGLE (Line Drive, 6MD, EV 98.8 MPH)
|
Pitching: RHP Dan Thompson
|
|
Batting: SHB Devin Hottenstein
|
0-0: Ball 1-0: Ball Bobby Miles steals 2nd base (no throw) 2-0: Called Strike 2-1: Foul Ball, location: 2F 2-2: Foul Ball, location: 2F 2-2: Strikes out swinging
|
Batting: RHB Sam Daw
|
0-0: Foul Ball, location: 2F 0-1: Foul Ball, location: 2F 0-2: DOUBLE (Line Drive, 7LM, EV 105.6 MPH) Bobby Miles scores
|
Batting: RHB Pat Scaturro
|
0-0: Ball Wild Pitch! Sam Daw to third 1-0: Called Strike 1-1: Swinging Strike 1-2: Ball 2-2: Strikes out swinging
|
Bottom of the 7th over - 1 run, 2 hits, 0 errors, 1 left on base; Hillsboro 10 - State College 4 |
TOP OF THE 8TH |
Hillsboro Hops batting - Pitching for State College Spikes : LHP Paul Fuller
|
Batting: RHB Dave Glenn
|
0-0: Swinging Strike 0-1: Ball 1-1: Swinging Strike 1-2: Strikes out looking
|
Batting: RHB Cesar Rendon
|
0-0: Called Strike 0-1: Ball 1-1: Ground out 5-3 (Groundball, 56S, EV 72.5 MPH)
|
Pitching: RHP Josh Deyo
|
|
Batting: RHB Antonio Luisa
|
0-0: Ball 1-0: Ball 2-0: Ball 3-0: Called Strike 3-1: Ground out 6-3 (Groundball, 6, EV 81.2 MPH)
|
Top of the 8th over - 0 runs, 0 hits, 0 errors, 0 left on base; Hillsboro 10 - State College 4 |
BOTTOM OF THE 8TH |
State College Spikes batting - Pitching for Hillsboro Hops : RHP Dan Thompson
|
Batting: RHB Ben Politi
|
0-0: Called Strike 0-1: Swinging Strike 0-2: Strikes out looking
|
Batting: RHB Nelson Salamanca
|
0-0: Ball 1-0: Ball 2-0: Foul Ball, location: 2F 2-1: Foul Ball, location: 2F 2-2: Strikes out looking
|
Batting: RHB Nick Latulippe
|
0-0: Ground out 4-3 (Groundball, 34, EV 100.0 MPH)
|
Bottom of the 8th over - 0 runs, 0 hits, 0 errors, 0 left on base; Hillsboro 10 - State College 4 |
TOP OF THE 9TH |
Hillsboro Hops batting - Pitching for State College Spikes : RHP Josh Deyo
|
Batting: LHB Josh Kirk
|
0-0: Foul Ball, location: 2F 0-1: Foul Ball, location: 2F 0-2: Ground out 4-3 (Groundball, 4, EV 104.4 MPH)
|
Batting: RHB Trevor Corey
|
0-0: Called Strike 0-1: Ball 1-1: Foul Ball, location: 2F 1-2: Strikes out swinging
|
Batting: RHB Yutaka Oki
|
0-0: Foul Ball, location: 2F 0-1: Ground out 5-3 (Groundball, 56, EV 85.0 MPH)
|
Top of the 9th over - 0 runs, 0 hits, 0 errors, 0 left on base; Hillsboro 10 - State College 4 |
BOTTOM OF THE 9TH |
State College Spikes batting - Pitching for Hillsboro Hops : RHP Dan Thompson
|
Batting: RHB Tim Cleary
|
0-0: Ball 1-0: Foul Ball, location: 2F 1-1: Foul Ball, location: 2F 1-2: Strikes out looking
|
Batting: SHB Bobby Mercado
|
0-0: Ball 1-0: Ground out 4-3 (Groundball, 4, EV 90.0 MPH)
|
Batting: RHB Bobby Miles
|
0-0: Ball 1-0: Called Strike 1-1: Foul Ball, location: 2F 1-2: Strikes out swinging, 2-3 out at first.
|
Bottom of the 9th over - 0 runs, 0 hits, 0 errors, 0 left on base; Hillsboro 10 - State College 4 |
|